[Event "21st IPCA World Championship 2022"]
[Site "Ashdod"]
[Date "2022.05.15"]
[Round "8.1"]
[White "Obodchuk, Andrei"]
[Black "Lipilin, Ilia"]
[Result "1-0"]
[ECO "D27"]
[WhiteElo "2295"]
[BlackElo "2198"]
[Annotator "TA"]
[PlyCount "71"]
[EventDate "2022.05.09"]
[EventType "swiss"]
[EventCountry "ISR"]
[SourceTitle "playchess.com"]
[Source "ChessBase"]
[SourceQuality "1"]
[TimeControl "5400+30"]

1. d4 d5 2. Nf3 Nf6 3. c4 dxc4 4. e3 e6 5. Bxc4 a6 6. O-O c5 7. Re1 {[%emt 0:00:08] D27: Queen's Gambit Accepted: Classical main line: 7 e4!? and 7 a4.} Nc6 8. Nc3 b5 9. Bd3 {[%emt 0:00:17] The position is equal.} Bb7 10. a4 b4 11. Ne4 cxd4 12. exd4 Be7 (12... Nxd4 $2 13. Nxd4 Be7 14. Qf3 $1 $18) 13. Bf4 {[%emt 0:14:54][%cal Bc1f4,Bf4g3,Bg3h4][%mdl 32] [#]} Nd5 $146 (13... O-O $14) ({Predecessor:} 13... O-O 14. Nc5 Na5 15. Nxb7 Nxb7 16. Rc1 Nd6 17. Ne5 a5 18. Qf3 Nd5 19. Nc6 Qd7 20. Nxe7+ Nxe7 {½-½ (62) Pantzar,M (2417)-Olsen,F (2353) chess24.com INT 2020}) 14. Bg3 $16 {[%emt 0:01:15] White is more active.} O-O 15. Nc5 Bxc5 16. dxc5 Qf6 17. Bh4 {[%emt 0:05:32] This bishop pair is nice.} Qxb2 {[%emt 0:05:15] [#] This move loses the game for Black.} (17... Qf4 $16) 18. Re2 $1 $18 Qc3 {[%emt 0:03:17] [#]} 19. Rc2 $1 Ne3 (19... Qb3 {was worth a try.}) 20. fxe3 Qb3 21. Rc4 Qxd1+ 22. Rxd1 a5 23. Rcc1 h6 24. Be4 g5 25. Bg3 Rfd8 26. Ne5 Rac8 27. Rxd8+ Nxd8 28. Bxb7 Nxb7 29. c6 Nd6 30. Nd7 Ne4 31. Be5 {[%emt 0:00:26] Prevents Nc3.} f6 32. Nxf6+ Nxf6 33. Bxf6 {[%emt 0:00:03] Intending Be5 and mate.} Kf7 34. Be5 {[%emt 0:00:03] Rc5 would kill now.} h5 35. c7 (35. Rc5 $142 b3 36. c7 g4 37. Rxa5 Kg6 38. Rb5 g3 39. Bxg3 h4 40. Be5) 35... Kg6 36. e4 {[%emt 0:00:06] Weighted Error Value: White=0.06 (flawless) /Black=0.64} 1-0

[Event "21st IPCA World Championship 2022"]
[Site "Ashdod"]
[Date "2022.05.15"]
[Round "8.2"]
[White "Mikheev, Stanislav"]
[Black "Gurbanov, Andrei"]
[Result "1-0"]
[ECO "A13"]
[WhiteElo "2333"]
[BlackElo "2302"]
[Annotator "TA"]
[PlyCount "99"]
[EventDate "2022.05.09"]
[EventType "swiss"]
[EventCountry "ISR"]
[SourceTitle "playchess.com"]
[Source "ChessBase"]
[SourceQuality "1"]
[TimeControl "5400+30"]

1. c4 e6 2. Nf3 d5 3. g3 dxc4 4. Qa4+ Nd7 5. Bg2 a6 6. Qxc4 b5 7. Qc2 Bb7 8. O-O c5 9. b3 Ngf6 10. Bb2 Be7 11. d3 O-O 12. Nbd2 Qb6 {[%emt 0:02:31] A13: English Opening: 1...e6.} 13. Rac1 Rfd8 14. Qb1 Rac8 {[%emt 0:00:59] The position is equal.} 15. a3 Nb8 {[%emt 0:01:20] [#]} 16. e3 $146 ({Predecessor:} 16. Qa1 Nc6 17. Rc2 Na5 18. Rcc1 Ne8 19. Qb1 f6 20. Bc3 e5 21. Bh3 Rc7 22. b4 {½-½ (43) Koshy,V (2347)-Sriram,J (2408) Raipur 2002}) 16... Qa7 17. b4 (17. Rfd1 $11) 17... cxb4 $15 18. Bd4 {[%emt 0:01:29] [#]} Qa8 (18... Rxd4 $1 $17 19. Nxd4 (19. Rxc8+ Bxc8) 19... bxa3) 19. axb4 $11 Nbd7 20. e4 {[%emt 0:08:49] Inhibits Nd5.} Rxc1 21. Rxc1 Rc8 22. Rxc8+ Qxc8 23. Ne1 e5 24. Ba1 Bd6 25. Nc2 Qc7 26. h3 Nb6 27. Qb3 h6 28. Kh2 Na4 29. d4 exd4 30. Bxd4 {[%emt 0:00:12][%cal Oe4e5] aiming for e5!} Be5 31. f4 Bxd4 32. Nxd4 Qc1 33. Qc2 Qe1 (33... Qxc2 $11 {and Black has nothing to worry.} 34. Nxc2 Nc3) 34. N4f3 $2 (34. Nf5 $1 $18 ) 34... Qf2 $2 (34... Qe3 $1 $11 {and Black stays safe.}) 35. Qc7 $1 $18 Qb6 {[%emt 0:07:06] [#]} (35... Bxe4 $2 36. Nxe4 Nxe4 37. Qc8+ Kh7 38. Qf5+ Kg8 39. Qxe4 $18) (35... Nxe4 $16 {was necessary.} 36. Qxb7 Qxg3+ 37. Kg1 Qf2+ 38. Kh1 Nxd2) 36. Qe7 $2 ({White has to play} 36. Qb8+ $1 $18 Kh7 37. Ne5) 36... Bc6 37. Ne5 Be8 38. f5 Nc3 39. Ng4 $1 {[%emt 0:04:56] Prevents Qf2.} Nxg4+ 40. hxg4 Bc6 41. f6 {[%emt 0:00:07] Hoping for fxg7.} (41. Qd6 $5 Na4 42. Nb3 $14) 41... Ne2 {[%emt 0:01:45] ...Qg1+ is the strong threat.} 42. Nf3 {[%emt 0:04:32] Against Qg1+} Qf2 43. Qd6 $40 {[%emt 0:00:23][%mdl 128] White has some attack.} Ng1 $2 44. Nxg1 {[%emt 0:01:54] White is clearly winning.} Bxe4 45. Nf3 Bxf3 (45... gxf6 $142 46. Qxf6 Qc2) 46. Qd8+ Kh7 47. Qd3+ g6 48. Qxf3 Qb2 49. Qf4 {[%emt 0:00:52] White wants to mate with Qd6.} Qc3 50. Qd6 {[%emt 0:00:25] Weighted Error Value: White=0.28 (precise) /Black=0.60} 1-0

[Event "21st IPCA World Championship 2022"]
[Site "Ashdod"]
[Date "2022.05.15"]
[Round "8.3"]
[White "Yarmonov, Igor"]
[Black "Zilberman, Yaacov"]
[Result "1/2-1/2"]
[ECO "D41"]
[WhiteElo "2394"]
[BlackElo "2315"]
[Annotator "TA"]
[PlyCount "70"]
[EventDate "2022.05.09"]
[EventType "swiss"]
[EventCountry "ISR"]
[SourceTitle "playchess.com"]
[Source "ChessBase"]
[SourceQuality "1"]
[TimeControl "5400+30"]

1. d4 {[%emt 0:00:05] CB} Nf6 2. c4 e6 3. Nc3 d5 4. Nf3 c5 5. cxd5 Nxd5 6. g3 Nc6 7. Bg2 cxd4 8. Nxd4 {[%emt 0:00:43] D41: Queen's Gambit Declined: Semi-Tarrasch with 5 cxd5.} Nxc3 9. bxc3 Nxd4 10. cxd4 Bb4+ 11. Kf1 {[%emt 0:00:07] [#] Qa4+ is the strong threat. has lost popularity (11.Bd2).} O-O {[%emt 0:07:14] [#]} 12. e3 $146 ({Predecessor:} 12. Rb1 Bd6 13. h4 Rb8 14. h5 h6 15. e4 b6 16. Be3 e5 17. dxe5 Bxe5 18. f4 Qxd1+ 19. Rxd1 {½-½ (30) Aronian,L (2805)-Caruana,F (2801) Saint Louis 2014 CBM 162 [CB]}) 12... Rb8 13. Qb3 Qa5 14. a3 Bd6 15. Be4 Bd7 16. Kg2 Rfc8 17. Ra2 Bc6 {[%emt 0:09:58] The position is equal.} (17... Ba4 $5 18. Qb1 Bc6 $11) 18. Bxc6 bxc6 19. Bd2 Rxb3 (19... Qxd2 $2 20. Qxb8 Qxf2+ 21. Kxf2 $18) (19... Qd5+ {with more complications.} 20. Qxd5 cxd5 21. Bb4 Bf8) 20. Bxa5 Rxa3 21. Rxa3 Bxa3 $11 {[%emt 0:00:16][%mdl 4096] Endgame KRB-KRB} 22. Rb1 h5 23. Rb7 c5 24. Rb3 Bb4 25. Bxb4 cxb4 26. Rxb4 {[%emt 0:00:18] KR-KR} a5 27. Ra4 Ra8 28. Kf3 Kf8 29. e4 Ke7 30. Ke3 Kd6 31. Kd3 Kc6 32. Kc4 Kb6 33. Ra2 Rc8+ 34. Kd3 Ra8 35. Kc4 Rc8+ {[%emt 0:28:32] An interesting draw.  Weighted Error Value: White=0.02 (flawless) /Black=0.03 (flawless)} 1/2-1/2

[Event "21st IPCA World Championship 2022"]
[Site "Ashdod"]
[Date "2022.05.15"]
[Round "8.4"]
[White "Shapiro, Benny"]
[Black "Babanov, Aleksandr"]
[Result "1-0"]
[ECO "A42"]
[WhiteElo "1884"]
[BlackElo "1929"]
[Annotator "TA"]
[PlyCount "93"]
[EventDate "2022.05.09"]
[EventType "swiss"]
[EventCountry "ISR"]
[SourceTitle "playchess.com"]
[Source "ChessBase"]
[SourceQuality "1"]
[TimeControl "5400+30"]

1. d4 g6 2. e4 Bg7 3. c4 d6 4. Nc3 Nc6 5. Be3 e5 6. d5 Nce7 7. Be2 f5 {[%emt 0:00:10] A42: Modern Defence: Averbakh Variation.} 8. f3 Nf6 9. Qd2 O-O {[%emt 1:28:50] The position is equal.} 10. Bh6 {[%emt 1:29:47] [#]} (10. O-O-O $11) 10... fxe4 $146 (10... Bxh6 $15 11. Qxh6 c6) ({Predecessor:} 10... f4 11. Bxg7 Kxg7 12. Bd3 a6 13. Nge2 Bd7 14. g3 Nh5 15. O-O-O b5 16. g4 Nf6 {0-1 (42) Huber,F (1637)-Kunz,H (1824) Germany 2003}) 11. fxe4 $11 Ng4 12. Bxg7 Kxg7 13. Nf3 Ng8 (13... a6 $14) 14. O-O (14. h3 $16 N4f6 15. g4) 14... Bd7 $14 15. b4 Qe7 16. h3 N4h6 17. Qe3 b6 {[%emt 0:00:00] Inhibits c5.} (17... a5 $14 {deserves consideration.}) 18. c5 $16 Nf7 19. a4 (19. c6 $16 Bc8 20. Rf2) 19... Nf6 {[%emt 0:00:00] [#]} (19... dxc5 $11 {and Black has nothing to worry.} 20. bxc5 Qxc5 21. Qxc5 bxc5) 20. Nd2 (20. c6 $1 $18 ) 20... a5 21. cxb6 {[%emt 0:00:00] And now bxa5 would win.} axb4 22. Nb5 ({Stronger than} 22. bxc7 bxc3 23. Qxc3 Rfc8 $19) 22... cxb6 23. Qxb6 Rfb8 (23... Bxb5 $11 24. axb5 Nd7) 24. Qe3 {[%emt 0:00:00] Strongly threatening Nc7. 0x0.00084313d435dp-1022s more active pieces. White now steadily converts the win.} Nh5 $2 (24... Bxb5 $16 25. Bxb5 (25. axb5 Rxa1 26. Rxa1 Qc7 $14) 25... Rc8) 25. Nc7 $18 Nf4 26. Nxa8 Rxa8 27. Nf3 {[%emt 0:00:00] Against Qg5} Ng5 28. Bb5 Bc8 29. Kh2 b3 30. Rab1 Ba6 31. Rf2 Bxb5 32. axb5 Nf7 33. Rxb3 g5 34. b6 Rb8 35. Ra2 g4 36. Ng1 Nh6 37. Ra7 Rb7 38. Rxb7 Qxb7 39. Qc3 {[%emt 0:00:00] [#] Threatens to win with Qc7+.} Qa6 40. Rb2 Qf1 41. b7 Nd3 42. b8=Q {[%emt 0:00:00][%cal Oc3c8] White wants to mate with Qcc8!} g3+ 43. Kh1 {[%emt 0:00:00] White mates.} Nf2+ 44. Rxf2 gxf2 45. Qg3+ Kf7 46. Qa7+ Ke8 47. Qgxf2 {[%emt 0:18:30] Weighted Error Value: White=0.23 (precise) /Black=0.50} 1-0

[Event "21st IPCA World Championship 2022"]
[Site "Ashdod"]
[Date "2022.05.15"]
[Round "8.5"]
[White "Alperovich, Asher"]
[Black "Campos, Eugenio"]
[Result "0-1"]
[ECO "A68"]
[WhiteElo "1865"]
[BlackElo "2247"]
[Annotator "TA"]
[PlyCount "58"]
[EventDate "2022.05.09"]
[EventType "swiss"]
[EventCountry "ISR"]
[SourceTitle "playchess.com"]
[Source "ChessBase"]
[SourceQuality "1"]
[TimeControl "5400+30"]

1. d4 Nf6 2. c4 c5 3. d5 e6 4. Nc3 exd5 5. cxd5 d6 6. e4 g6 7. f4 a6 8. a4 Bg7 9. Nf3 O-O 10. Be2 Bg4 11. O-O Re8 12. h3 Bxf3 13. Bxf3 Nbd7 14. Re1 Qc7 15. Be3 {[%emt 0:14:32] A68: Modern Benoni: Four Pawns Attack without 9...Re8.} c4 16. Kh1 Nc5 17. Bxc5 {[%emt 0:00:36] The position is equal.} Qxc5 18. e5 dxe5 19. fxe5 Nd7 20. e6 Ne5 21. exf7+ Nxf7 22. Bg4 ({White should try} 22. Ne4 $11 Qa5 23. Re2) 22... Ne5 ({Better is} 22... Rxe1+ $15 23. Qxe1 Ne5) 23. Be6+ $11 Kh8 24. Ne4 $36 {[%emt 0:03:16][%mdl 2048] [#] White is more active.} Qb6 $146 ({Predecessor:} 24... Qb4 25. Re2 Nd3 26. Rb1 Nf4 27. Ng5 Nxe2 {0-1 (26) Recoulat,E (2343)-Enricci,J (2517) CAPA email 2000}) 25. Ng5 {[%emt 0:08:46][%cal Oe1e5] Hoping for Rxe5!} Rf8 ({Much weaker is} 25... Qxb2 26. Rb1 Qc3 27. Rxb7 $14) 26. Rxe5 $2 {[%emt 0:11:04] Now White is beyond hope.} Bxe5 $19 27. Nf7+ {[%emt 0:00:05] [#]} Rxf7 $1 28. Bxf7 Rf8 (28... Qxb2 $2 29. Rc1 $19) ({Inferior is} 28... Bxb2 29. d6 $15) 29. Qe2 $2 (29. Be6 Qxb2 30. Rc1 (30. Rb1 $2 Qf2 $19)) 29... Qxb2 {[%emt 0:03:13] Weighted Error Value: White=0.69/Black=0.09 (flawless)} 0-1

[Event "21st IPCA World Championship 2022"]
[Site "Ashdod"]
[Date "2022.05.15"]
[Round "8.6"]
[White "Valenta, Vit Vaclav"]
[Black "Gerasimova, Svetlana"]
[Result "0-1"]
[ECO "B21"]
[WhiteElo "2014"]
[BlackElo "1906"]
[Annotator "TA"]
[PlyCount "60"]
[EventDate "2022.05.09"]
[EventType "swiss"]
[EventCountry "ISR"]
[SourceTitle "playchess.com"]
[Source "ChessBase"]
[SourceQuality "1"]
[TimeControl "5400+30"]

1. f4 c5 2. e4 d5 3. exd5 Qxd5 4. Nc3 Qd8 5. Nf3 a6 6. a4 {[%emt 0:00:26] B21: Sicilian: 2 f4 and Morra Gambit.} (6. d4 $14) 6... Nc6 $11 7. Bc4 Nf6 8. O-O {[%emt 0:07:03] [#] The position is equal.} g6 $146 (8... e6 $11) ({Predecessor:} 8... Bg4 9. d3 e6 10. h3 Bxf3 11. Qxf3 Qc7 12. Re1 Be7 13. Ne4 O-O 14. Nxf6+ Bxf6 {1-0 (53) Hallenbeck,A-Sells,P Parsippany 2006}) 9. d3 (9. Ne5 $5 e6 10. Nxc6 bxc6 11. d3 $16) 9... Bg7 10. h3 (10. Ne5 {keeps more tension.} O-O 11. Nxc6 bxc6 12. Qf3) 10... O-O 11. Be3 Nd4 12. Qd2 (12. a5 $11) 12... Rb8 (12... Nxf3+ $15 13. Rxf3 b6) 13. a5 Nd7 14. Na4 b5 15. axb6 $1 Nxb6 16. Nxb6 ({Reject} 16. Nxc5 Nxf3+ 17. Rxf3 Nxc4 18. dxc4 Qxd2 19. Bxd2 Rxb2 $17) 16... Qxb6 17. Bxd4 cxd4 18. b3 Qd6 19. Ng5 h6 20. Ne4 Qc6 21. Ra5 Rb6 22. Rfa1 Bb7 23. Nc5 h5 24. Nxb7 (24. Qe2 {feels hotter.} Bh6 25. Nxb7 Qxb7 26. Qe5) 24... Qxb7 25. Rxa6 Rxa6 26. Rxa6 Bh6 (26... e6 $14) 27. Rxg6+ $1 $16 Kh7 28. Ra6 {[%emt 0:02:16] [#] Strongly threatening Ra5.} Qc7 29. Ra5 f5 ({Better is} 29... Bxf4 30. Qe1 (30. Rxh5+ Kg6 $16) 30... Be3+ 31. Kh1 Kg6) 30. Qe2 $2 Qxa5 {[%emt 0:00:13] Weighted Error Value: White=0.45/Black=0.25 (precise)} 0-1

[Event "21st IPCA World Championship 2022"]
[Site "Ashdod"]
[Date "2022.05.15"]
[Round "8.7"]
[White "Aleksandrova, Aleksandra"]
[Black "Cosic, Radoslav"]
[Result "1-0"]
[ECO "D00"]
[WhiteElo "1687"]
[BlackElo "2003"]
[Annotator "TA"]
[PlyCount "93"]
[EventDate "2022.05.09"]
[EventType "swiss"]
[EventCountry "ISR"]
[SourceTitle "playchess.com"]
[Source "ChessBase"]
[SourceQuality "1"]
[TimeControl "5400+30"]

1. d4 Nf6 2. Nd2 d5 3. e3 e6 4. Bd3 c5 5. c3 Nc6 6. f4 Bd6 7. g3 {[%emt 0:01:56] D00: 1 d4 d5: Unusual lines.} h5 {[%emt 0:01:40] [#]} 8. a4 $146 (8. Ngf3 $11) ({Predecessor:} 8. Ngf3 Ng4 9. Qe2 f5 10. Ne5 Bxe5 11. fxe5 h4 12. Nf1 hxg3 13. Nxg3 Qh4 14. Qg2 cxd4 15. exd4 {0-1 (28) Amarasena,K (1900)-Pourramezanali,A (2098) Teheran 2008}) 8... Ng4 (8... h4 $15 9. Qf3 c4) 9. Ndf3 {[%emt 0:07:01][%cal Bd2f3,Bf3e5,Be5g6][%mdl 32] The position is equal.} f5 10. Ne5 O-O (10... h4 $11 11. Nxg4 hxg3) 11. h3 Nf6 12. Ng6 Rf7 13. Nf3 c4 14. Bc2 Ne7 (14... Ne4 $2 15. Bxe4 fxe4 16. Nfh4 $18) 15. Nge5 Rf8 16. Nh4 ({Better is} 16. g4 $16) 16... Qe8 17. g4 {[%emt 0:01:23] White is more active.} hxg4 18. hxg4 Bxe5 19. g5 {[%emt 0:34:39] [#]} (19. dxe5 $142 Nxg4 20. Nf3) 19... Bxf4 20. exf4 $14 Ng4 21. Qf3 {[%emt 0:00:00][%mdl 1024] White has compensation.} Kf7 22. Bd2 (22. Kd2 $11) 22... Bd7 $15 23. Ke2 Rh8 24. g6+ (24. Rh3 $15) 24... Kf6 $17 25. Rag1 {[%emt 0:00:00] Hoping for Rxg4.} Rxh4 26. Rxh4 $18 {[%emt 0:00:00][%cal Bh1h4,Bh4g4,Bg4g7][%mdl 32] Really sharp!} Nxg6 $2 (26... Ng8 27. Rgxg4 (27. Rhxg4 fxg4 28. Qxg4 Ke7 $14) 27... fxg4) 27. Rhxg4 {[%emt 0:00:00][%mdl 64] [#] Pin} Ne7 28. Rxg7 Qh8 29. Qg3 Qh5+ 30. Ke1 Rh8 31. Bd1 (31. Qe3 $142 Qh4+ 32. Kd1 Qg4+ 33. R1xg4 Rh1+ 34. Be1 Rxe1+ 35. Qxe1 fxg4 36. Qe5#) 31... Qh4 32. Be3 Qxg3+ 33. R1xg3 a5 34. Bg1 Bc6 35. Kf2 Rh4 36. Ke3 Rh1 37. R7g5 Be8 38. Bf3 Rh8 39. Rg2 Bxa4 40. Rh2 {[%emt 0:00:00] Inhibits Rh3.} Rxh2 41. Bxh2 Bc2 (41... Be8 $142 42. Bg3 Bg6) 42. Bg3 Be4 43. Bh5 {[%emt 0:00:43] White wants to mate with Bh4.} e5 44. dxe5+ Ke6 45. Bh4 {[%emt 0:00:26] Threatening mate with Be8.} b5 46. Rg7 d4+ 47. Kxd4 {[%emt 0:10:46] Weighted Error Value: White=0.50/Black=0.67} 1-0

[Event "21st IPCA World Championship 2022"]
[Site "Ashdod"]
[Date "2022.05.15"]
[Round "8.8"]
[White "Srimskov, Elishar"]
[Black "Pilimon, Zbigniew"]
[Result "1-0"]
[ECO "D32"]
[WhiteElo "1992"]
[BlackElo "1620"]
[Annotator "TA"]
[PlyCount "93"]
[EventDate "2022.05.09"]
[EventType "swiss"]
[EventCountry "ISR"]
[SourceTitle "playchess.com"]
[Source "ChessBase"]
[SourceQuality "1"]
[TimeControl "5400+30"]

1. Nf3 Nf6 2. c4 e6 3. Nc3 d5 4. e3 c5 5. cxd5 exd5 6. d4 Nc6 7. Be2 Be7 8. O-O O-O 9. a3 a6 10. dxc5 Bxc5 11. b4 Be7 {[%emt 0:01:39] D32: Tarrasch Defence: Sidelines and lines without g3.} 12. Bb2 b5 {[%emt 0:00:53] [#]} (12... Re8 $14 {should be considered.}) 13. Nd4 $146 ({Predecessor:} 13. Rc1 Bb7 14. Bd3 Re8 15. Bb1 Bf8 {½-½ (15) Veljkovic,D (2137)-Jovicic,D (2130) Belgrade 2012}) 13... Ne5 {[%emt 0:00:34] White is slightly better.} 14. Qb1 Qb6 15. Rd1 Rd8 (15... Nc4 $11) 16. Nf5 (16. a4 $1 $16) 16... Bf8 {[%emt 0:01:02] [#]} (16... Bxf5 $11 17. Qxf5 Nc4 18. Bxc4 dxc4) 17. Nxd5 Nxd5 18. Bxe5 Qe6 19. Bb2 ({Wrong is} 19. Bc7 $2 Nc3 20. Rxd8 Nxb1 $19) 19... Bb7 (19... Qxf5 $11 {remains equal.} 20. e4 Qe6) 20. Bf3 $36 {[%emt 0:01:25][%mdl 2048] Black is under strong pressure. White is more active.} Rac8 21. Nd4 Qe7 22. Qd3 Nb6 23. Bxb7 Qxb7 24. Rac1 Nc4 25. Qe2 Qe4 26. Rc2 Rd6 27. Bc1 Rcd8 28. Re1 h5 29. a4 Rg6 ({Black should play} 29... Rc8 $11) 30. f3 $14 Qe5 31. axb5 (31. f4 {seems wilder.} Qd5 32. axb5 axb5 33. Nxb5 Bxb4 34. Nc3) 31... axb5 {[%emt 0:00:00] [#]} 32. Nxb5 $1 Bxb4 {[%emt 0:00:00] [#]} (32... Qxb5 33. Qxc4) 33. Rf1 Qxb5 34. Qxc4 Qxc4 35. Rxc4 Rb6 36. Kf2 Be7 37. Ke2 Rb3 38. Rd1 Rxd1 39. Kxd1 {[%emt 0:00:02][%mdl 4096] Endgame KRB-KRB} Bf6 40. Ke2 g6 41. g3 g5 42. h4 (42. f4 $16) 42... Kg7 (42... gxh4 43. gxh4 Rb1) (42... gxh4 $11 {keeps the balance.} 43. gxh4 Rb1) 43. hxg5 $16 Bxg5 44. Rc5 Kg6 45. Rc6+ Bf6 46. e4 {[%emt 0:00:00] aiming for e5.} Rc3 $2 {[%emt 0:00:00][%mdl 8192] [#]} (46... Kg7 $16 47. Bf4 Rb2+ 48. Bd2 Ra2) 47. Rxf6+ $1 {[%emt 0:00:00][%mdl 512] Weighted Error Value: White=0.24 (precise) /Black=0.48} 1-0

[Event "21st IPCA World Championship 2022"]
[Site "Ashdod"]
[Date "2022.05.15"]
[Round "8.10"]
[White "Klein, Djimmy"]
[Black "Frumin, Rebeka"]
[Result "0-1"]
[ECO "D02"]
[WhiteElo "1392"]
[BlackElo "1319"]
[Annotator "NA RC COMBH"]
[PlyCount "102"]
[EventDate "2022.05.09"]
[EventType "swiss"]
[EventCountry "ISR"]
[SourceTitle "playchess.com"]
[Source "ChessBase"]
[SourceQuality "1"]
[TimeControl "5400+30"]

1. d4 d5 2. Nf3 Nf6 3. g3 Nc6 4. Bg2 Bf5 5. a3 Qd7 6. O-O Bh3 7. Nbd2 Bxg2 8. Kxg2 h5 9. c4 h4 10. Nxh4 dxc4 11. Ndf3 O-O-O 12. Be3 Qd5 13. Qc2 Ng4 14. Kg1 Nxe3 15. fxe3 Kb8 16. Rad1 g5 17. Qf5 gxh4 18. Nxh4 Qxf5 19. Rxf5 f6 20. Rc5 Bh6 21. Kf2 Bg5 22. Nf3 Bh6 23. Rc1 a6 24. R1xc4 Bf8 25. Rf5 Bg7 26. Nh4 e5 27. Rf3 exd4 28. exd4 Rxd4 29. Rxd4 Nxd4 30. Rf4 Ne6 31. Re4 Nc5 32. Re7 Bh6 33. Ng6 Rd8 34. Rh7 Bc1 35. b4 Na4 36. h4 Bxa3 37. Nf4 Bxb4 38. h5 Bc5+ 39. e3 Re8 40. Nd5 c6 41. Nxf6 Rf8 42. Rh6 Be7 43. g4 Rxf6+ 44. Rxf6 Bxf6 45. h6 Nc5 46. h7 Ne4+ 47. Kf3 Ng5+ 48. Kf4 Nxh7 49. Kf5 Bg5 50. e4 Bd8 51. e5 Kc7 0-1